TOP OF THE 1ST |
Montreal Expos batting - Pitching for Texas Rangers : LHP Wayne Perry
|
Pitching: LHP Wayne Perry
|
|
Batting: RHB John Ham
|
0-0: SINGLE (Line Drive, 78M, EV 105.0 MPH)
|
Batting: SHB Pete Barutha
|
0-0: Ball 1-0: Foul Ball, location: 2F 1-1: Ball 2-1: Foul Ball, location: 2F 2-2: Foul Ball, location: 2F 2-2: Ball 3-2: Foul Ball, location: 2F 3-2: Grounds into double play, 6-4-3 (Groundball, 6, EV 91.3 MPH)
|
Batting: RHB Mike Salmon
|
0-0: Ball 1-0: Ground out 5-3 (Groundball, 56, EV 92.5 MPH)
|
Top of the 1st over - 0 runs, 1 hit, 0 errors, 0 left on base; Montreal 0 - Texas 0 |
BOTTOM OF THE 1ST |
Texas Rangers batting - Pitching for Montreal Expos : RHP Jon Turman
|
Pitching: RHP Jon Turman
|
|
Batting: LHB Johan de Vries
|
0-0: Ball 1-0: Foul Ball, location: 2F 1-1: Ball 2-1: Foul Ball, location: 2F 2-2: Ground out 4-3 (Groundball, 4, EV 83.8 MPH)
|
Batting: RHB David Casas
|
0-0: Ball 1-0: Fly out, F9 (Flyball, 9S, EV 90.0 MPH)
|
Batting: LHB Da Vo
|
0-0: Called Strike 0-1: Ball 1-1: SINGLE (Flyball, 78S, EV 87.5 MPH)
|
Batting: RHB Casey Semenza
|
0-0: Called Strike 0-1: Ball 1-1: Ball 2-1: Fly out, F8 (Line Drive, 8RD, EV 91.9 MPH)
|
Bottom of the 1st over - 0 runs, 1 hit, 0 errors, 1 left on base; Montreal 0 - Texas 0 |
TOP OF THE 2ND |
Montreal Expos batting - Pitching for Texas Rangers : LHP Wayne Perry
|
Batting: RHB Wen-hua Lei
|
0-0: Swinging Strike 0-1: Fly out, F7 (Flyball, 78M, EV 98.1 MPH)
|
Batting: LHB Steve Anderson
|
0-0: Ball 1-0: Swinging Strike 1-1: SINGLE (Line Drive, 7LM, EV 93.1 MPH)
|
Batting: SHB Hans Mikkelsen
|
0-0: Called Strike 0-1: Called Strike 0-2: Foul Ball, location: 2F 0-2: Fly out, F8 (Flyball, 8RD, EV 97.5 MPH)
|
Batting: RHB Jesse Basich
|
0-0: Ball 1-0: Ball 2-0: Called Strike 2-1: Swinging Strike 2-2: Ball 3-2: Strikes out swinging
|
Top of the 2nd over - 0 runs, 1 hit, 0 errors, 1 left on base; Montreal 0 - Texas 0 |
BOTTOM OF THE 2ND |
Texas Rangers batting - Pitching for Montreal Expos : RHP Jon Turman
|
Batting: RHB Zhi-bin Ou-yang
|
0-0: Ball 1-0: Foul Ball, location: 2F 1-1: SINGLE (Groundball, 56D, EV 101.3 MPH)
|
Batting: RHB Zhao-ji Chi
|
0-0: TRIPLE (Line Drive, 89XD, EV 105.6 MPH) Zhi-bin Ou-yang scores
|
Batting: RHB Alex Sandoval
|
0-0: Ball 1-0: Called Strike 1-1: Swinging Strike 1-2: Foul Ball, location: 2F 1-2: Ground out 5-3 (Groundball, 5, EV 93.8 MPH)
|
Batting: LHB Sadamu Noguchi
|
0-0: Ball 1-0: Ball 2-0: Ball 3-0: Base on Balls
|
Batting: RHB Chris Torlak
|
0-0: Ball 1-0: Called Strike 1-1: Ball 2-1: Ball 3-1: Fly out, F8 (Flyball, 78D, EV 94.4 MPH) Runner from 3rd tags up, SCORES, throw by CF
|
Batting: LHB Johan de Vries
|
0-0: Called Strike 0-1: Ball 1-1: Swinging Strike 1-2: Ball Sadamu Noguchi steals 2nd base 2-2: Ball 3-2: Strikes out looking
|
Bottom of the 2nd over - 2 runs, 2 hits, 0 errors, 1 left on base; Montreal 0 - Texas 2 |
TOP OF THE 3RD |
Montreal Expos batting - Pitching for Texas Rangers : LHP Wayne Perry
|
Batting: RHB Eugênio Asceno
|
0-0: Swinging Strike 0-1: Ball 1-1: SINGLE (Groundball, 4M, EV 84.4 MPH) (infield hit)
|
Batting: RHB Danny Diaz
|
0-0: Ball 1-0: Reached on error, E4 (Groundball, 34, EV 86.9 MPH) Eugênio Asceno to second
|
Batting: RHB John Ham
|
0-0: Called Strike 0-1: DOUBLE (Groundball, 5L, EV 101.3 MPH) Eugênio Asceno scores Danny Diaz to third Runner from 3rd tries for Home, SAFE, no throw by LF
|
Batting: SHB Pete Barutha
|
0-0: Called Strike 0-1: Ball 1-1: Bunted foul 1-2: Ground out 6-3 (Groundball, 6, EV 78.8 MPH) John Ham to third
|
Batting: RHB Mike Salmon
|
0-0: Ball 1-0: Called Strike 1-1: Ball 2-1: Foul Ball, location: 2F 2-2: Foul Ball, location: 2F 2-2: Ball 3-2: Ground out 3-1 (Groundball, 13, EV 91.9 MPH) John Ham scores
|
Batting: RHB Wen-hua Lei
|
0-0: Ball 1-0: SINGLE (Line Drive, 34, EV 96.9 MPH)
|
Batting: LHB Steve Anderson
|
0-0: Called Strike 0-1: Fly out, F7 (Flyball, 78M, EV 85.0 MPH)
|
Top of the 3rd over - 3 runs, 3 hits, 1 error, 1 left on base; Montreal 3 - Texas 2 |
BOTTOM OF THE 3RD |
Texas Rangers batting - Pitching for Montreal Expos : RHP Jon Turman
|
Batting: RHB David Casas
|
0-0: Ground out 6-3 (Groundball, 6, EV 86.3 MPH)
|
Batting: LHB Da Vo
|
0-0: Foul Ball, location: 2F 0-1: Foul Ball, location: 2F 0-2: SINGLE (Line Drive, 89S, EV 96.3 MPH)
|
Batting: RHB Casey Semenza
|
0-0: Ball 1-0: Grounds into double play, 5-4-3 (Groundball, 56, EV 88.8 MPH)
|
Bottom of the 3rd over - 0 runs, 1 hit, 0 errors, 0 left on base; Montreal 3 - Texas 2 |
TOP OF THE 4TH |
Montreal Expos batting - Pitching for Texas Rangers : LHP Wayne Perry
|
Batting: SHB Hans Mikkelsen
|
0-0: Ball 1-0: Ball 2-0: Called Strike 2-1: Ball 3-1: Swinging Strike 3-2: Strikes out swinging
|
Batting: RHB Jesse Basich
|
0-0: Ball 1-0: Swinging Strike 1-1: Foul Ball, location: 2F 1-2: Fly out, F9 (Flyball, 9LM, EV 88.8 MPH)
|
Batting: RHB Eugênio Asceno
|
0-0: Ball 1-0: Foul Ball, location: 2F 1-1: Foul Ball, location: 2F 1-2: Ball 2-2: Foul Ball, location: 2F 2-2: Ball 3-2: Ground out 5-3 (Groundball, 56S, EV 81.9 MPH)
|
Top of the 4th over - 0 runs, 0 hits, 0 errors, 0 left on base; Montreal 3 - Texas 2 |
BOTTOM OF THE 4TH |
Texas Rangers batting - Pitching for Montreal Expos : RHP Jon Turman
|
Batting: RHB Zhi-bin Ou-yang
|
0-0: Foul Ball, location: 2F 0-1: Ball 1-1: Foul Ball, location: 2F 1-2: SOLO HOME RUN (Line Drive, 9LD, EV 96.9 MPH), Distance : 349 ft
|
Batting: RHB Zhao-ji Chi
|
0-0: Called Strike 0-1: Fly out, F7 (Flyball, 78M, EV 93.8 MPH)
|
Batting: RHB Alex Sandoval
|
0-0: Ball 1-0: Ball 2-0: Ball 3-0: Called Strike 3-1: Ground out 6-3 (Groundball, 56, EV 106.9 MPH)
|
Batting: LHB Sadamu Noguchi
|
0-0: Ground out 4-3 (Groundball, 4S, EV 88.1 MPH)
|
Bottom of the 4th over - 1 run, 1 hit, 0 errors, 0 left on base; Montreal 3 - Texas 3 |
TOP OF THE 5TH |
Montreal Expos batting - Pitching for Texas Rangers : LHP Wayne Perry
|
Pitching: RHP Mike Webb
|
|
Batting: RHB Danny Diaz
|
0-0: Ball 1-0: Called Strike 1-1: Ball 2-1: SINGLE (Line Drive, 78M, EV 94.4 MPH)
|
Batting: RHB John Ham
|
0-0: Foul Ball, location: 2F 0-1: Ball 1-1: Grounds into double play, 4-6-3 (Groundball, 4M, EV 86.3 MPH)
|
Batting: SHB Pete Barutha
|
0-0: Ground out 4-3 (Groundball, 4, EV 87.5 MPH)
|
Top of the 5th over - 0 runs, 1 hit, 0 errors, 0 left on base; Montreal 3 - Texas 3 |
BOTTOM OF THE 5TH |
Texas Rangers batting - Pitching for Montreal Expos : RHP Jon Turman
|
Pitching: RHP Joe Butler
|
|
Batting: RHB Chris Torlak
|
0-0: Ball 1-0: Ball 2-0: SINGLE (Line Drive, 4M, EV 100.0 MPH)
|
Batting: LHB Johan de Vries
|
0-0: Ball Chris Torlak is caught stealing 2nd base 2-6 1-0: Foul Ball, location: 2F 1-1: Ground out U3 (Groundball, 34, EV 85.0 MPH)
|
Batting: RHB David Casas
|
0-0: Ball 1-0: Ball 2-0: Called Strike 2-1: Ball 3-1: Swinging Strike 3-2: Base on Balls
|
Batting: LHB Da Vo
|
0-0: Ball 1-0: Ball 2-0: Ball 3-0: Called Strike 3-1: Base on Balls David Casas to second
|
Pinch Hitting: LHB Cody Schumacher
|
0-0: Called Strike 0-1: Ball 1-1: SINGLE (Line Drive, 8LS, EV 104.4 MPH) David Casas to third Da Vo to second Throwing error, E8 David Casas scores Da Vo to third Cody Schumacher to second
|
Pinch Hitting: SHB Vince Ealy
|
0-0: Ball 1-0: Ground out 4-3 (Groundball, 4M, EV 98.1 MPH)
|
Bottom of the 5th over - 1 run, 2 hits, 1 error, 2 left on base; Montreal 3 - Texas 4 |
TOP OF THE 6TH |
Montreal Expos batting - Pitching for Texas Rangers : RHP Mike Webb
|
Now at 2B: Vince Ealy
|
|
Now in LF: Zhao-ji Chi
|
|
Now in CF: Cody Schumacher
|
|
Batting: RHB Mike Salmon
|
0-0: Ball 1-0: Ball 2-0: Ball 3-0: Base on Balls
|
Batting: RHB Wen-hua Lei
|
0-0: Called Strike Mike Salmon steals 2nd base 0-1: Ball 1-1: Foul Ball, location: 2F 1-2: Strikes out swinging
|
Batting: LHB Steve Anderson
|
0-0: Ball 1-0: Fly out, F8 (Line Drive, 8LS, EV 96.9 MPH)
|
Batting: SHB Hans Mikkelsen
|
0-0: Called Strike 0-1: Ball 1-1: Called Strike 1-2: Ball 2-2: Strikes out swinging
|
Top of the 6th over - 0 runs, 0 hits, 0 errors, 1 left on base; Montreal 3 - Texas 4 |
BOTTOM OF THE 6TH |
Texas Rangers batting - Pitching for Montreal Expos : RHP Joe Butler
|
Batting: RHB Zhao-ji Chi
|
0-0: Ball 1-0: Ball 2-0: Ball 3-0: Called Strike 3-1: Base on Balls
|
Pinch Hitting: SHB David Simpson
|
0-0: Swinging Strike 0-1: Called Strike 0-2: Ball 1-2: Strikes out looking
|
Batting: LHB Sadamu Noguchi
|
0-0: Ball 1-0: Called Strike 1-1: Ground out U3 (Groundball, 3, EV 101.9 MPH) Zhao-ji Chi to second
|
Batting: RHB Chris Torlak
|
0-0: Called Strike 0-1: Ball 1-1: Foul Ball, location: 2F 1-2: Foul Ball, location: 2F 1-2: Ground out 5-3 (Groundball, 56S, EV 83.1 MPH)
|
Bottom of the 6th over - 0 runs, 0 hits, 0 errors, 1 left on base; Montreal 3 - Texas 4 |
TOP OF THE 7TH |
Montreal Expos batting - Pitching for Texas Rangers : RHP Mike Webb
|
Pitching: RHP Nate Burnett
|
|
Now at C: José Molina
|
|
Now at 1B: Johan de Vries
|
|
Now at SS: Jun Tsuda
|
|
Batting: RHB Jesse Basich
|
0-0: Ball 1-0: Ball 2-0: Ground out 6-3 (Groundball, 6, EV 85.6 MPH)
|
Batting: RHB Eugênio Asceno
|
0-0: Called Strike 0-1: SINGLE (Groundball, 56D, EV 107.5 MPH)
|
Pinch Hitting: LHB Jimmy Buscemi
|
0-0: Swinging Strike 0-1: Ball 1-1: Foul Ball, location: 2F 1-2: Ball 2-2: Strikes out swinging
|
Pinch Hitting: RHB Hugo Bautista
|
0-0: Swinging Strike 0-1: Ball 1-1: Ball 2-1: Ground out 4-3 (Groundball, 4M, EV 101.3 MPH)
|
Top of the 7th over - 0 runs, 1 hit, 0 errors, 1 left on base; Montreal 3 - Texas 4 |
BOTTOM OF THE 7TH |
Texas Rangers batting - Pitching for Montreal Expos : RHP Joe Butler
|
Pitching: RHP Jim Averette
|
|
Now at 2B: Hugo Bautista
|
|
Now at SS: Wen-hua Lei
|
|
Now in LF: Wing-kit Bu
|
|
Pinch Hitting: RHB Alan Oxenrider
|
0-0: Swinging Strike 0-1: Ball 1-1: Foul Ball, location: 2F 1-2: Ball 2-2: Strikes out swinging
|
Batting: SHB Jun Tsuda
|
0-0: Called Strike 0-1: Called Strike 0-2: Ball 1-2: SINGLE (Groundball, 34D, EV 101.3 MPH)
|
Batting: RHB Bert Clark
|
0-0: Called Strike 0-1: Ball 1-1: Ball 2-1: SINGLE (Groundball, 34D, EV 96.9 MPH) Jun Tsuda to second Runner from 2nd tries for 3rd, SAFE, throw by RF made to third
|
Batting: LHB Cody Schumacher
|
0-0: Called Strike 0-1: Ball Bert Clark steals 2nd base 1-1: Called Strike 1-2: Ball 2-2: Foul Ball, location: 2F 2-2: Ball 3-2: Foul Ball, location: 2F 3-2: Base on Balls
|
Batting: SHB Vince Ealy
|
0-0: Foul Ball, location: 2F 0-1: Ball 1-1: Ball 2-1: Ball 3-1: Base on Balls Jun Tsuda scores Bert Clark to third Cody Schumacher to second
|
Batting: RHB Zhao-ji Chi
|
0-0: Swinging Strike 0-1: Grounds into fielders choice 4-2 (Groundball, 4S, EV 84.4 MPH) Cody Schumacher to third Vince Ealy to second
|
Batting: RHB José Molina
|
0-0: Called Strike 0-1: Foul Ball, location: 2F 0-2: Foul Ball, location: 2F 0-2: Ball 1-2: Ball 2-2: Strikes out swinging
|
Bottom of the 7th over - 1 run, 2 hits, 0 errors, 3 left on base; Montreal 3 - Texas 5 |
TOP OF THE 8TH |
Montreal Expos batting - Pitching for Texas Rangers : RHP Nate Burnett
|
Now at 1B: Alan Oxenrider
|
|
Pinch Hitting: SHB Bran Stark
|
0-0: Swinging Strike 0-1: Ground out U3 (Groundball, 3, EV 103.1 MPH)
|
Batting: RHB Robby Juarez
|
0-0: Called Strike 0-1: Ball 1-1: Ball 2-1: Swinging Strike 2-2: SINGLE (Line Drive, 8RS, EV 109.4 MPH)
|
Pinch Hitting: LHB Danny Hull
|
0-0: Ball 1-0: Ball 2-0: Called Strike 2-1: Foul Ball, location: 2F 2-2: Ball 3-2: SINGLE (Line Drive, 78S, EV 91.9 MPH) Robby Juarez to second Runner from 2nd tries for 3rd, SAFE, throw by LF made to third
|
Pinch Hitting: LHB Robin More
|
0-0: Fielders Choice at 2nd, 2-4 (Groundball, 15S, EV 66.9 MPH)
|
Batting: SHB Hans Mikkelsen
|
0-0: Called Strike 0-1: Foul Ball, location: 2F 0-2: Ball 1-2: Strikes out looking
|
Top of the 8th over - 0 runs, 2 hits, 0 errors, 2 left on base; Montreal 3 - Texas 5 |
BOTTOM OF THE 8TH |
Texas Rangers batting - Pitching for Montreal Expos : RHP Jim Averette
|
Pitching: RHP Eric Hudson
|
|
Now at 1B: Robin More
|
|
Now at SS: Danny Hull
|
|
Now in CF: Bran Stark
|
|
Pinch Hitting: RHB Rich Stinson
|
0-0: Called Strike 0-1: Ball 1-1: Foul Ball, location: 2F 1-2: Ball 2-2: Ball 3-2: Base on Balls
|
Batting: RHB Chris Torlak
|
0-0: Ball 1-0: Ball 2-0: Ball 3-0: Base on Balls Rich Stinson to second
|
Batting: RHB Alan Oxenrider
|
0-0: Foul Ball, location: 2F 0-1: Grounds into double play, 6-4-3 (Groundball, 6MS, EV 88.1 MPH) Rich Stinson to third
|
Batting: SHB Jun Tsuda
|
0-0: Intentional Walk
|
Batting: RHB Bert Clark
|
0-0: Ball 1-0: Ball 2-0: Foul Ball, location: 2F 2-1: Fielders Choice at 2nd, 6-4 (Groundball, 4M, EV 103.1 MPH)
|
Bottom of the 8th over - 0 runs, 0 hits, 0 errors, 2 left on base; Montreal 3 - Texas 5 |
TOP OF THE 9TH |
Montreal Expos batting - Pitching for Texas Rangers : RHP Nate Burnett
|
Pitching: RHP Kyle Curve
|
|
Now in RF: Rich Stinson
|
|
Batting: RHB Jesse Basich
|
0-0: Foul Ball, location: 2F 0-1: Ball 1-1: Foul Ball, location: 2F 1-2: Strikes out swinging
|
Pinch Hitting: RHB Nick Sharp
|
0-0: Ball 1-0: Swinging Strike 1-1: Called Strike 1-2: Strikes out looking
|
Batting: RHB Wing-kit Bu
|
0-0: Ball 1-0: Ball 2-0: Called Strike 2-1: Foul Ball, location: 2F 2-2: Ball 3-2: Strikes out swinging
|
Top of the 9th over - 0 runs, 0 hits, 0 errors, 0 left on base; Montreal 3 - Texas 5 |
|